 Dungeon Crawl Stone Soup version 0.32-a0-391-gce5c0aab1b (webtiles) character file.

Game seed: 15629593374158271405

343 Goblin1989 the Sneak (level 6, 0/44 HPs)
             Began as a Coglin Brigand on Feb 19, 2024.
             Slain by a sleepcap (19 damage)
             ... on level 5 of the Dungeon.
             The game lasted 00:10:49 (3257 turns).

Goblin1989 the Sneak (Coglin Brigand)               Turns: 3257, Time: 00:10:50

Health: 0/44       AC:  4    Str: 17    XL:     6   Next: 57%
Magic:  6/6        EV:  2    Int: 10    God:
Gold:   130        SH:  0    Dex: 18    Spells: 5/5 levels left

rFire   . . .        a - +2 dagger {Minjee}
rCold   . . .        g - +0 dagger {Araceli}
rNeg    . . .        b - +0 robe
rPois   .            (no helmet)
rElec   .            c - +0 cloak
rCorr   +            (no gloves)
SInv    .            u - +0 pair of boots
Will    .....        (no amulet)
Stlth   +++          h - +6 ring of strength
HPRegen 0.27/turn    o - ring of resist corrosion
MPRegen 0.10/turn

%: no passive effects
@: sleeping, revved, stiff-legged, very slow
A: off-hand wielding, slow wielding, warmup strikes, warmup strides
a: no special abilities


You were on level 5 of the Dungeon.
You visited 1 branch of the dungeon, and saw 5 of its levels.

You collected 130 gold pieces.

Inventory:

Hand Weapons
 a - a +2 dagger (weapon) {Minjee}
 g - a +0 dagger (worn) {Araceli}
Missiles
 d - 12 poisoned darts
 e - 2 curare-tipped darts (quivered)
 B - 6 javelins {@Q3}
Armour
 b - a +0 robe (worn)
 c - a +0 cloak (worn)
 k - a +0 pair of boots
 u - a +0 pair of boots (worn)
Jewellery
 h - a +6 ring of strength (left grasper)
 o - a ring of resist corrosion (right grasper)
 A - an amulet of regeneration
Scrolls
 l - 2 scrolls of fear {unknown}
 m - 3 scrolls of blinking {unknown}
 n - 3 scrolls of identify {unknown}
 p - a scroll of poison {unknown}
 q - a scroll of amnesia {unknown}
 s - a scroll of noise {unknown}
 v - 3 scrolls of immolation {unknown}
 w - a scroll of enchant armour {unknown}
 x - a scroll of teleportation {unknown}
 D - a scroll of fog {unknown}
 E - a scroll of vulnerability {unknown}
Potions
 f - a potion of heal wounds {unknown}
 i - 4 potions of curing {unknown}
 j - a potion of brilliance {unknown}
 r - a potion of lignification {unknown}
 t - a potion of might {unknown}
 z - a potion of degeneration {unknown}
 C - a potion of berserk rage {unknown}


   Skills:
 - Level 2.0 Fighting
 + Level 4.7 Short Blades
 - Level 1.7 Throwing
 - Level 0.8 Dodging
 + Level 5.1 Stealth


You had 5 spell levels left.
You didn't know any spells.
Your spell library was empty.

Dungeon Overview and Level Annotations

Branches:
Dungeon (5/15) Zot: 26674
 Temple: D:4-7

Altars:
Fedhas
Xom

Annotations:
D:3 exclusion: black bear, Sigmund


Innate Abilities, Weirdness & Mutations

You can wield a second weapon in your off-hand.
It takes a long time for you to wield or remove held weapons.
Your first few attacks do less damage.
Your first movements take longer.


Message History

The ufetubus misses you. The ufetubus hits you.
You take 1 damage, and have 24/44 hp.
You miss the ufetubus with your +2 dagger.
You hit the ufetubus with your +0 dagger.
The ufetubus barely misses you. The ufetubus misses you.
You barely miss the ufetubus with your +0 dagger.
The ufetubus is lightly wounded.
You closely miss the ufetubus with your +2 dagger.
The ufetubus hits you but does no damage.
The ufetubus hits you. The ufetubus barely misses you.
The ufetubus hits you but does no damage.
You take 2 damage, and have 22/44 hp.
You hit the ufetubus with your +2 dagger.
The ufetubus is heavily wounded.
You miss the ufetubus with your +0 dagger.
The ufetubus slips past you! The ufetubus hits you.
The ufetubus closely misses you. The ufetubus attacks as it pursues you!
The ufetubus hits you but does no damage.
The ufetubus closely misses you.
The ufetubus hits you but does no damage.
The ufetubus barely misses you. x3
The ufetubus attacks as it pursues you! The ufetubus barely misses you.
The ufetubus hits you.
You take 2 damage, and have 20/44 hp.
You hit the ufetubus with your +2 dagger.
The ufetubus is heavily wounded.
You closely miss the ufetubus with your +0 dagger.
The ufetubus barely misses you. x2
You miss the ufetubus with your +0 dagger.
The ufetubus is heavily wounded.
You hit the ufetubus with your +2 dagger.
The ufetubus closely misses you. The ufetubus hits you.
* * * LOW HITPOINT WARNING * * *
You take 2 damage, and have 19/44 hp.
You hit the ufetubus with your +2 dagger.
You kill the ufetubus!
You start resting.
A sleepcap comes into view.
You regained 8 hp, and now have 27/44 hp.
You start resting.
HP restored.
Health restored: 44 You hit the sleepcap but do no damage.
You hit the sleepcap with your +2 dagger.
The sleepcap barely misses you.
You hit the sleepcap with your +0 dagger.
The sleepcap is lightly damaged.
You hit the sleepcap but do no damage. You hit the sleepcap but do no damage.
The sleepcap is lightly damaged.
You hit the sleepcap with your +0 dagger.
The sleepcap releases spores at you.
You are engulfed in a cloud of soporific spores!
You fall asleep.
The sleepcap releases spores at you!!
You wake up.
You take 23 damage, and have 21/44 hp.
MASSIVE DAMAGE!!
Unknown command.
Throw: 3 darts (curare)
Press: ? - help, Q - select action, (/) - cycle Shift-Dir - straight line, f - sleepcap
Aim: a sleepcap (moderately damaged, 98% to hit)
You throw a curare-tipped dart.
The curare-tipped dart hits the sleepcap.
The sleepcap is moderately damaged.
The sleepcap releases spores at you.
You take 1 damage, and have 20/44 hp.
You hit the sleepcap with your +2 dagger.
The sleepcap is moderately damaged.
You hit the sleepcap but do no damage. The sleepcap closely misses you.
You hit the sleepcap but do no damage.
The sleepcap is moderately damaged.
You hit the sleepcap but do no damage. You hit the sleepcap but do no damage.
The sleepcap is moderately damaged.
You hit the sleepcap with your +2 dagger.
The sleepcap closely misses you.
You hit the sleepcap but do no damage.
The sleepcap is moderately damaged.
You hit the sleepcap but do no damage. The sleepcap closely misses you.
You hit the sleepcap with your +2 dagger.
The sleepcap is heavily damaged.
You hit the sleepcap but do no damage. The sleepcap releases spores at you.
* * * LOW HITPOINT WARNING * * *
You take 2 damage, and have 19/44 hp.
You hit the sleepcap but do no damage.
The sleepcap is heavily damaged.
You hit the sleepcap with your +2 dagger.
You hit the sleepcap but do no damage.
The sleepcap is heavily damaged.
You hit the sleepcap with your +0 dagger.
The sleepcap misses you.
You hit the sleepcap with your +2 dagger.
The sleepcap is severely damaged.
You hit the sleepcap with your +0 dagger.
The sleepcap releases spores at you.
* * * LOW HITPOINT WARNING * * *
You are engulfed in a cloud of soporific spores!
You fall asleep.
The sleepcap releases spores at you!!
You die...

█... ...█... █
█...███.█.█ █.█
█.......███.█
...█..█.f.....█
█.█..█.███...█
█....█.██ ...█
███.█..█ █.██
█.f..█.█ ..
███████████@████.█
... ██
█................█
l.> ..
█.██████....██████
█...
█.████.█....█.█████
..█....█.██.█.....█
.██.█....██.█████.█
.██.█.█████.......█
....█.█████████████
......██....█


You could see a sleepcap.

Vanquished Creatures
  A scorpion (D:4)
  A jelly (D:3)
  A hound (D:4)
  An iguana (D:4)
  3 gnolls (D:3)
  5 adders
  2 ufetubi (D:5)
  3 orcs
  4 endoplasms
  4 giant cockroaches
  6 hobgoblins
  5 jackals
  7 kobolds
  2 quokkas
  6 ball pythons
  2 bats
  2 frilled lizards (D:2)
  5 goblins
  8 rats
68 creatures vanquished.

Notes
Turn   | Place    | Note
-------+----------+-------------------------------------------
     0 | D:1      | Goblin1989 the Coglin Brigand began the quest for the Orb.
     0 | D:1      | Reached XP level 1. HP: 16/16 MP: 1/1
   211 | D:1      | Reached XP level 2. HP: 20/22 MP: 2/2
   313 | D:1      | Reached XP level 3. HP: 27/27 MP: 3/3
   840 | D:2      | Reached XP level 4. HP: 33/33 MP: 4/4
  1309 | D:2      | Reached skill level 4 in Stealth
  1485 | D:3      | Found a blossoming altar of Fedhas.
  1532 | D:3      | Reached XP level 5. HP: 18/38 MP: 5/5
  1738 | D:3      | Noticed Sigmund
  1763 | D:3      | Noticed a black bear
  2247 | D:4      | Reached XP level 6. HP: 15/44 MP: 6/6
  2582 | D:4      | Reached skill level 5 in Stealth
  2671 | D:4      | Found a shimmering altar of Xom.
  3045 | D:5      | Entered Level 5 of the Dungeon
  3257 | D:5      | Slain by a sleepcap

Illustrated notes

Levels and vault maps discovered:
D:1:      dpeg_arrival_boxes_within_box, layout_basic, minmay_splitting_lines
D:2:      layout_loops_ring
D:3:      layout_basic, lemuel_round_altar,
          shapermc_ecumenical_altar_mp_urbaneastern,
          minmay_randomly_rotated_circles, uniq_sigmund
D:4:      layout_gridville, lemuel_round_altar, roderic_serpentine_path,
          nicolae_figureground_sparkle
D:5:      layout_basic, nicolae_vehumet_altar_sigil, serial_shops, shop

Skill      XL: |  1  2  3  4  5  6 |
---------------+-------------------+-----
Short Blades   | 2 3 4 |  4.7
Stealth        | 4 5 |  5.1
Fighting       | |  2.0
Throwing       | |  1.7
Dodging        | |  0.8

Action                     |  1- 3 |  4- 6 || total
---------------------------+-------+-------++-------
  Melee: Dagger            |   101 |   277 ||   378
  Throw: Dart              |       |     1 ||     1
   Stab: Sleeping          |     7 |     6 ||    13
 Armour: Robe              |    22 |   103 ||   125
  Dodge: Dodged            |    26 |    96 ||   122

Table legend: (Time is in decaauts)
 A = Elapsed time spent in this place.
 B = Non-inter-level travel time spent in this place.
 C = Inter-level travel time spent in this place.
 D = Time resting spent in this place.
 E = Time spent auto-exploring this place.
 F = Levels seen in this place.
 G = Mean time per level.
                   A        B        C        D        E       F      G
               +--------+--------+--------+--------+--------+-----+--------+
         Total |   3324 |   3179 |    145 |    349 |   2255 |   5 |  664.8 |
       Dungeon |   3324 |   3179 |    145 |    349 |   2255 |   5 |  664.8 |
               +--------+--------+--------+--------+--------+-----+--------+

Top non-repeatable levels by time:
     D:4: 924 daAuts
     D:2: 781 daAuts
     D:3: 771 daAuts
     D:1: 639 daAuts
     D:5: 208 daAuts
